 Dungeon Crawl Stone Soup version 0.23.2-40-g277498a001 (webtiles) character file.

Game seed: 16520620587715011298

233 Marnok the Poker (level 5, -38/42 HPs)
             Began as a Demonspawn Chaos Knight on Oct 12, 2019.
             Was a Plaything of Xom.
             Killed from afar by an ogre (41 damage)
             ... with an exploding inner flame
             ... hexed by the player character
             ... on level 4 of the Dungeon.
             The game lasted 00:07:14 (1640 turns).

Marnok the Poker (Demonspawn Chaos Knight)          Turns: 1640, Time: 00:07:15

Health: -38/42     AC:  5    Str: 14      XL:     5   Next: 75%
Magic:  0/5        EV: 12    Int: 15      God:    Xom [....*.]
Gold:   38         SH:  0    Dex: 11 (12) Spells: 4/4 levels left

rFire    . . .     SeeInvis .   l - +4 quarterstaff (chaos)
rCold    . . .     Gourm    .   (shield currently unavailable)
rNeg     . . .     Faith    .   j - +2 leather armour {rPois}
rPois    +         Spirit   +   (helmet restricted)
rElec    .         Reflect  .   (no cloak)
rCorr    .         Harm     .   (no gloves)
MR       .....                  (no boots)
Stlth    +.........             (no amulet)
HPRegen  0.54/turn              (no ring)
MPRegen  0.18/turn              (no ring)

@: lethally poisoned (-38 -> -39)
A: horns 1, clever 1, regeneration 1, evolution 1, magic shield, magic
regeneration
a: Renounce Religion


You were on level 4 of the Dungeon.
You worshipped Xom.
You were a beloved toy of Xom.
You were hungry.

You visited 1 branch of the dungeon, and saw 5 of its levels.

You collected 38 gold pieces.

Inventory:

Hand Weapons
 a - a +0 spear of chaos
 e - a +1 rapier of freezing
 l - a +4 quarterstaff of chaos (weapon)
 o - a +0 mace of protection
Armour
 j - a +2 leather armour of poison resistance (worn)
 n - a +0 cloak
Scrolls
 b - a scroll of remove curse
 h - 2 scrolls of amnesia
Potions
 k - a potion of degeneration
Comestibles
 c - 6 rations
 g - 5 chunks of flesh


   Skills:
 + Level 4.0 Fighting
 + Level 4.5 Polearms
 + Level 0.1(2.7) Staves
 + Level 2.3 Armour
 + Level 2.0 Dodging
 + Level 1.0 Stealth


You had 4 spell levels left.
You didn't know any spells.
Your spell library was empty.

Dungeon Overview and Level Annotations

Branches:
Dungeon (5/15)
 Temple: D:4-7

Altars:
Fedhas
Gozag


Innate Abilities, Weirdness & Mutations

You have a pair of small horns on your head.
When hurt, damage is shared between your health and your magic reserves.
You regenerate magic rapidly.
Your mind is acute. (Int +2)
Your natural rate of healing is unusually fast.
You evolve.


Message History

Okay, then.
Really read the scroll of immolation?
As you read the scroll of immolation, it crumbles to dust.
The creatures around you are filled with an inner flame!
The worker ant misses you. x2
You feel sick.
Unknown command. "Fight to survive, mortal."
The ogre's +0 giant spiked club dances into the air!
Your +0 giant spiked club hits the worker ant!
The worker ant explodes!
The fiery explosion engulfs your +0 giant spiked club.
Your +0 giant spiked club resists.
Your +0 giant spiked club is lightly damaged.
The fiery explosion engulfs the ogre!!!
The ogre explodes!
The fiery explosion engulfs you!!!
Ouch! That really hurt!
You die...
Xom chuckles heartily!

#......##.#
.##.#...##.###
.............#
..#....#.#.#
#..#...#.#####.##
#(§h.###.........
#§§### #.#####...
#§§#####.#
#§§@.....#
#.######.##########
#. #..........# #.
##########.# #. #.#
## #.# ########.#
#........#
#.##.....#


You could see a +0 giant spiked club.

Vanquished Creatures
  Crazy Yiuf (D:2)
  3 orc wizards (D:2)
  A hound skeleton (D:4)
  4 adders
  An ooze (D:2)
  4 worms (D:2)
  2 leopard geckos
  2 orcs (D:2)
  3 giant cockroaches
  7 goblins
  6 hobgoblins
  2 jackals (D:1)
  3 kobolds
  A quokka (D:2)
  4 bats
  6 frilled lizards
  8 rats
58 creatures vanquished.

Vanquished Creatures (collateral kills)
  An adder (D:2)
  A worm (D:2)
  A rat (D:2)
3 creatures vanquished.

Grand Total: 61 creatures vanquished

Notes
Turn   | Place    | Note
-------+----------+-------------------------------------------
     0 | D:1      | Marnok the Demonspawn Chaos Knight began the quest for the
                  | Orb.
     0 | D:1      | Reached XP level 1. HP: 18/18 MP: 1/1
     6 | D:1      | XOM: harmless Pois miscast
     8 | D:1      | Reached skill level 1 in Dodging
   227 | D:2      | Gained mutation: You have a pair of small horns on your
                  | head. [demonic ancestry]
   227 | D:2      | Reached XP level 2. HP: 18/24 MP: 2/2
   309 | D:2      | XOM: potion effect (agility)
   512 | D:1      | Gained mutation: When hurt, damage is shared between your
                  | health and your magic reserves. [demonic ancestry]
   512 | D:1      | Reached XP level 3. HP: 27/29 MP: 3/3
   848 | D:2      | Gained mutation: You regenerate magic rapidly. [demonic
                  | ancestry]
   848 | D:2      | Reached XP level 4. HP: 17/37 MP: 4/4
   883 | D:2      | XOM: harmless Summ miscast
   891 | D:2      | XOM: potion effect (heal wounds)
   893 | D:2      | XOM: cast spell 'Olgreb's Toxic Radiance'
   906 | D:2      | XOM: divination: detect creatures
   918 | D:2      | Reached XP level 5. HP: 20/42 MP: 5/5
   931 | D:2      | XOM: mild Erth miscast
  1148 | D:2      | Found a runed translucent door.
  1149 | D:2      | Noticed Crazy Yiuf
  1233 | D:2      | XOM: cast spell 'Summon Dragon'
  1329 | D:2      | Found a blossoming altar of Fedhas.
  1368 | D:2      | XOM: give mutations
  1368 | D:2      | Gained mutation: You evolve. [Xom's grace]
  1368 | D:2      | Gained mutation: Your natural rate of healing is unusually
                  | fast. [Xom's grace]
  1368 | D:2      | Gained mutation: Your mind is acute. (Int +2) [Xom's grace]
  1371 | D:2      | Found an opulent altar of Gozag.
  1498 | D:2      | Killed Crazy Yiuf
  1590 | D:4      | Reached skill level 1 in Stealth
  1594 | D:5      | Entered Level 5 of the Dungeon
  1629 | D:4      | Noticed an ogre
  1636 | D:4      | HP: 1/42 [ogre/+0 giant spiked club (10)]
  1640 | D:4      | Killed an ogre
  1640 | D:4      | Killed from afar by an ogre

Skill      XL: |  1  2  3  4  5 |
---------------+----------------+-----
Dodging        | 1 2 |  2.0
Polearms       | 3 4 |  4.5
Armour         | 2 |  2.3
Fighting       | 4 |  4.0
Stealth        | 1 |  1.0
Staves         | |  0.1

Action                   |  1- 3 |  4- 6 || total
-------------------------+-------+-------++-------
Melee: Spear             |   103 |    55 ||   158
       Headbutt          |     8 |     9 ||    17
       Quarterstaff      |       |    17 ||    17
  Use: Potion            |       |     4 ||     4
       Scroll            |       |     6 ||     6
 Stab: Confused          |     1 |       ||     1
       Petrified         |     2 |       ||     2
  Eat: Chunk             |       |     2 ||     2
Armor: Leather armour    |    35 |    13 ||    48
Dodge: Dodged            |    55 |    57 ||   112
